 Dungeon Crawl Stone Soup version 0.31-a0-187-gba352fbbf7 (webtiles) character file.

Game seed: 4334505995308581552

14 qw the Shooter (level 2, -2/16 HPs)
             Began as a Deep Elf Hunter on June 22, 2023.
             Slain by a gnoll
             ... wielding a +0 spear
              (4 damage)
             ... on level 1 of the Dungeon.
             The game lasted 00:00:08 (298 turns).

qw the Shooter (Deep Elf Hunter)                     Turns: 298, Time: 00:00:08

Health: -2/16      AC:  4    Str:  8    XL:     2   Next: 31%
Magic:  4/4        EV: 12    Int: 13    God:
Gold:   9          SH:  0    Dex: 18    Spells: 1/1 levels left

rFire   . . .        a - +0 shortbow
rCold   . . .        (shield currently unavailable)
rNeg    . . .        c - +0 leather armour
rPois   .            (no helmet)
rElec   .            (no cloak)
rCorr   .            (no gloves)
SInv    .            f - +0 pair of boots
Will    .....        (no amulet)
Stlth   ++           (no ring)
HPRegen 0.22/turn    (no ring)
MPRegen 0.09/turn

%: no passive effects
@: no status effects
A: no striking features
a: no special abilities


You were on level 1 of the Dungeon.
You visited 1 branch of the dungeon, and saw 1 of its levels.

You collected 9 gold pieces.


   Skills:
 - Level 1.5 Fighting
 + Level 6.1 Ranged Weapons
 - Level 2.4 Dodging
 - Level 1.2 Stealth


You had one spell level left.
You didn't know any spells.
Your spell library was empty.

Inventory:

Hand Weapons
 a - a +0 shortbow (weapon)
Armour
 c - a +0 leather armour (worn)
 f - a +0 pair of boots (worn)
Scrolls
 b - a scroll of butterflies
Potions
 d - a potion of magic {unknown}
 e - a potion of haste {unknown}

Dungeon Overview and Level Annotations

Branches:
Dungeon (1/15)

Altars:

Shops:
D:1 [

Annotations:
D:1 exclusion: gnoll


Message History

You shoot an arrow. The arrow hits the frilled lizard.
You kill the frilled lizard!
You now have 9 gold pieces.
You see here a frilled lizard corpse.
A gnoll comes into view. It is wielding a +0 spear.
Enter note: You shoot an arrow.
The arrow hits the gnoll but does no damage.
You shoot an arrow. The arrow completely misses the gnoll.
The gnoll hits you from afar with a +0 spear.
You shoot an arrow.
The arrow hits the gnoll but does no damage.
The gnoll hits you from afar with a +0 spear.
Enter note:
289 ||| UPGRADING to +0 pair of boots.
The gnoll barely misses you.
You start putting on your armour.
You continue putting on your +0 pair of boots.
The gnoll closely misses you.
You continue putting on your +0 pair of boots.
The gnoll closely misses you.
You continue putting on your +0 pair of boots.
The gnoll closely misses you.
You continue putting on your +0 pair of boots.
The gnoll barely misses you.
You finish putting on your +0 pair of boots.
Enter note:
Enter note: You start resting.
A gnoll is nearby!
You shoot an arrow. The arrow hits the gnoll.
The gnoll is lightly wounded.
The gnoll hits you with a +0 spear.
You shoot an arrow. The arrow barely misses the gnoll.
The gnoll hits you with a +0 spear.
You shoot an arrow.
The arrow hits the gnoll but does no damage.
The gnoll is lightly wounded.
The gnoll hits you but does no damage. The gnoll hits you with a +0 spear.
You die...

#. #.# #.# #.#
#####.# #.#
#..g..# #.# #g##
#.###.@#######
#.............
#%.777...777..
#.7# #7.7# #.7
7.7 # #.7# #7.7#
#7..##
#..777.7.777....#
#.....777.....#.#
#..777.7.777....#


You could see a gnoll.

Vanquished Creatures
  A ball python (D:1)
  An endoplasm (D:1)
  2 giant cockroaches (D:1)
  2 hobgoblins (D:1)
  3 bats (D:1)
  4 frilled lizards (D:1)
  A rat (D:1)
14 creatures vanquished.

Notes
Turn   | Place    | Note
-------+----------+-------------------------------------------
     0 | D:1      | qw the Deep Elf Hunter began the quest for the Orb.
     0 | D:1      | Reached XP level 1. HP: 12/12 MP: 3/3
     0 | D:1      | 0 ||| qw: Version: 0.3-a-9-g12657ce
     0 | D:1      | 0 ||| qw: Game counter: 2259
     0 | D:1      | 0 ||| qw: Always use a shield: true
     0 | D:1      | 0 ||| qw: God list: Okawaru
     0 | D:1      | 0 ||| qw: Allow faded altars: false
     0 | D:1      | 0 ||| qw: Do Orc after D:15 true
     0 | D:1      | 0 ||| qw: Do second Lair branch before Depths: true
     0 | D:1      | 0 ||| qw: Lair rune preference: random
     0 | D:1      | 0 ||| qw: Plans: Normal
     0 | D:1      | 0 ||| PLANNING D:1-11
    54 | D:1      | Found Dibimai's Armour Shoppe.
    59 | D:1      | 59 ||| SHOPLISTING +0 pair of gloves (49 gold, have 0).
    59 | D:1      | 59 ||| SHOPLISTING +0 ring mail (44 gold, have 0).
    59 | D:1      | 59 ||| SHOPLISTING +0 scale mail (44 gold, have 0).
   162 | D:1      | Reached XP level 2. HP: 16/16 MP: 4/4
   164 | D:1      | Reached skill level 6 in Ranged Weapons
   289 | D:1      | 289 ||| UPGRADING to +0 pair of boots.
   296 | D:1      | HP: 2/16 [gnoll/+0 spear (5)]
   298 | D:1      | Slain by a gnoll

Levels and vault maps discovered:
D:1:      lightli_arrival_maybe_door_vault, layout_loops_ring, serial_shops,
          nicolae_shop_tiny_real_fake_doors, minmay_stone_trees_medium,
          minmay_cut_off

Skill      XL: |  1  2 |
---------------+-------+-----
Ranged Weapons | 6 |  6.1
Fighting       | |  1.5
Dodging        | |  2.4
Stealth        | |  1.2

Action                     || total
---------------------------++-------
   Fire: Shortbow          ||    40
 Armour: Leather armour    ||     4
  Dodge: Dodged            ||    15

Table legend:
 A = Non-vault XP
 B = Vault XP
 C = Vault XP percentage of total XP
 D = Non-vault monster count
 E = Vault monster count
 F = Vault count percentage of total count
                 A         B        C        D         E       F
            +---------+---------+-------+---------+---------+-------
      Total |      18 |       3 |  14.3 |      12 |       2 |  14.3
            +---------+---------+-------+---------+---------+-------
        D:1 |      18 |       3 |  14.3 |      12 |       2 |  14.3
            +---------+---------+-------+---------+---------+-------
